 Dungeon Crawl Stone Soup version 0.20.0-3-g22ec75f (webtiles) character file.

3661 Chiseanne the Ducker (level 9, -26/55 HPs)
             Began as a Deep Elf Arcane Marksman on May 27, 2017.
             Was an Initiate of Gozag.
             Annihilated by a two-headed ogre
             ... wielding a +0 giant club
              (27 damage)
             ... on level 8 of the Dungeon.
             The game lasted 00:26:48 (9390 turns).

Chiseanne the Ducker (Deep Elf Arcane Marksman)     Turns: 9390, Time: 00:26:49

Health: -26/55     AC:  8    Str: 10    XL:     9   Next: 89%
Magic:  17/17      EV: 14    Int: 19    God:    Gozag
Gold:   588        SH: 11    Dex: 15    Spells: 13/16 levels left

rFire    . . .     SeeInvis .   a - +3 whip (elec)
rCold    . . .     Gourm    .   H - +0 shield (curse)
rNeg     . . .     Faith    .   K - +2 robe {MR+}
rPois    .         Spirit   .   n - +0 helmet
rElec    .         Reflect  +   (no cloak)
rCorr    .         Harm     .   x - +2 pair of gloves
MR       +....                  (no boots)
Stlth    +.........             o - +3 amulet of reflection
Regen    0.2/turn               (no ring)
MPRegen  0.2/turn               (no ring)

@: no status effects
A: no striking features
a: Potion Petition, Call Merchant, Bribe Branch, Renounce Religion


You were on level 8 of the Dungeon.
You worshipped Gozag.
Gozag was pleased with you.
You were not hungry.

You visited 2 branches of the dungeon, and saw 9 of its levels.

You collected 1105 gold pieces.
You paid 517 gold pieces to Gozag.

Inventory:

Hand Weapons
 a - a +3 whip of electrocution (weapon)
 d - a +1 whip of freezing
 e - a +0 hunting sling of velocity
 s - a +2 flail of holy wrath
 w - a +0 shortbow
 I - a +1 dagger of venom
Missiles
 m - 6 javelins (quivered)
 q - 99 stones
 u - 49 bolts
 y - 115 arrows
 E - 19 sling bullets
 P - 5 poisoned needles
Armour
 n - a +0 helmet (worn)
 x - a +2 pair of gloves (worn)
 H - a cursed +0 shield (worn)
 K - a +2 robe of magic resistance (worn)
Jewellery
 o - a +3 amulet of reflection (around neck)
 M - an uncursed ring of ice
Wands
 f - a wand of disintegration (7/24)
 g - a wand of acid (0/15)
 v - a wand of iceblast (0/15)
 z - a wand of lightning (0/15)
 B - a wand of lightning (0/15)
 J - a wand of random effects (15/48)
 L - a wand of digging (11/24)
Scrolls
 k - 3 scrolls of remove curse
 p - 2 scrolls of recharging
 t - a scroll of immolation
 A - a scroll of teleportation
 C - 3 scrolls of fog
 F - a scroll of enchant armour
 O - a scroll of identify
Potions
 b - 3 potions of curing
 h - a potion of ambrosia
 i - 2 potions of cancellation
 r - 2 potions of flight
 D - a potion of lignification
 G - 2 potions of brilliance
Books
 c - a book of Debilitation

   Spells                             Type                      Level
   a - Corona                         Hexes                        1
   b - Slow                           Hexes                        2
   c - Inner Flame                    Hexes/Fire                   3
   d - Portal Projectile              Hexes/Translocation          3
   e - Cause Fear                     Hexes                        4
   f - Leda's Liquefaction            Hexes/Earth                  4
Comestibles
 j - 3 meat rations


   Skills:
 * Level 5.9 Fighting
 * Level 5.2 Maces & Flails
 - Level 2.1 Bows
 - Level 5.1 Armour
 - Level 7.5 Dodging
 * Level 2.9 Shields
 * Level 4.4 Spellcasting
 - Level 4.0 Hexes


You had 13 spell levels left.
You knew the following spells:

 Your Spells              Type           Power        Failure   Level  Hunger
a - Corona                Hex            ###....      12%         1    None
b - Slow                  Hex            ###.....     19%         2    #......


Dungeon Overview and Level Annotations

Branches:
Dungeon (8/15)             Temple (1/1) D:6
   Lair: D:8-11

Altars:
Ashenzari
Cheibriados
Dithmenos
Elyvilon
Fedhas
Gozag
Hepliaklqana
Kikubaaqudgha
Makhleb
Nemelex Xobeh
Okawaru
Qazlal
Ru
Sif Muna
Trog
Vehumet
Xom
Yredelemnul
Zin
The Shining One

Shops:
D:6 (   D:8 ?


Message History

The two-headed ogre hits you with a giant club!
The two-headed ogre closely misses you.
You hit the two-headed ogre.
The two-headed ogre is heavily wounded.
The two-headed ogre hits you with a giant club!!
You block the two-headed ogre's attack.
You hit the two-headed ogre.
Lightning courses through the two-headed ogre!
The two-headed ogre is almost dead.
You closely miss the two-headed ogre.
The two-headed ogre is almost dead.
The two-headed ogre hits you with a giant club!!
* * * LOW HITPOINT WARNING * * *
You block the two-headed ogre's attack.
You hit the two-headed ogre.
The two-headed ogre is almost dead.
The two-headed ogre misses you.
The two-headed ogre hits you with a giant club!!
You die...
Your body crumbles into a pile of gold.

######## #......#
#......# #......#
+......#
#......#####
#..........#
#..@.......#
###O###....#######+
... #............
.....#####........
##....# #........
#....# ###.#......
#....###..........
#....#...PPPP..#+#
#####...P.PPP....


You could see a two-headed ogre.

Vanquished Creatures
  A two-headed ogre (D:8)
  Pikel (D:4)
  A wyvern (D:5)
  A hungry ghost (D:8)
  Duvessa (D:7)
  An ice beast (D:6)
  2 slaves (D:4)
  A sky beast (D:6)
  2 phantoms (D:6)
  2 ogres
  2 centaurs
  A big kobold (D:7)
  A bullfrog (D:6)
  Dowan (D:7)
  2 scorpions
  2 howler monkeys (D:6)
  3 crimson imps (D:5)
  A centaur zombie (D:6)
  A jelly (D:5)
  A bullfrog skeleton (D:4)
  5 hounds
  3 orc priests
  An iguana (D:7)
  6 worker ants
  Ijyb (D:4)
  6 orc wizards
  A hound zombie (D:5)
  A worker ant zombie (D:6)
  A howler monkey zombie (D:5)
  6 gnolls (D:6)
  9 adders
  2 shadow imps
  2 oozes
  An adder zombie (D:6)
  An adder skeleton (D:8)
  6 worms
  2 dart slugs
  9 leopard geckos
  18 orcs
  A ball python (D:1)
  13 bats
  4 giant cockroaches
  8 goblins
  7 hobgoblins
  11 jackals
  3 quokkas
  6 frilled lizards
  A jackal skeleton (D:7)
  11 kobolds
  A quokka skeleton (D:6)
  3 quokka zombies
  9 rats
187 creatures vanquished.

Vanquished Creatures (others)
  A slave (D:6)
  A gnoll (D:6)
2 creatures vanquished.

Grand Total: 189 creatures vanquished

Notes
Turn   | Place    | Note
-------+----------+-------------------------------------------
     0 | D:1      | Chiseanne the Deep Elf Arcane Marksman began the quest for the Orb.
     0 | D:1      | Reached XP level 1. HP: 11/11 MP: 5/5
    58 | D:1      | Reached skill level 1 in Fighting
   289 | D:1      | Reached XP level 2. HP: 10/16 MP: 6/6
   746 | D:1      | Reached skill level 1 in Armour
   848 | D:1      | Reached XP level 3. HP: 20/20 MP: 7/7
  1249 | D:2      | Reached skill level 3 in Dodging
  1791 | D:2      | Reached XP level 4. HP: 23/26 MP: 8/8
  1921 | D:2      | Reached skill level 1 in Maces & Flails
  2697 | D:3      | Reached XP level 5. HP: 19/30 MP: 9/9
  2994 | D:3      | Found a white marble altar of Elyvilon.
  3533 | D:3      | Found a deep blue altar of Sif Muna.
  3539 | D:3      | Found a glowing silver altar of Zin.
  3539 | D:3      | Found a shadowy altar of Dithmenos.
  3539 | D:3      | Found a hazy altar of Hepliaklqana.
  3542 | D:3      | Found an opulent altar of Gozag.
  3543 | D:3      | Found a sparkling altar of Nemelex Xobeh.
  3553 | D:3      | Became a worshipper of Gozag Ym Sagoz the Greedy
  3672 | D:4      | Reached skill level 4 in Dodging
  3837 | D:4      | Reached XP level 6. HP: 21/36 MP: 10/10
  4114 | D:4      | Noticed a slave
  4133 | D:4      | Killed a slave
  4134 | D:4      | Noticed Pikel
  4134 | D:4      | Noticed a slave
  4135 | D:4      | Noticed a slave
  4316 | D:4      | Learned a level 2 spell: Slow
  4340 | D:4      | Killed a slave
  4610 | D:4      | Killed Pikel
  4610 | D:4      | Reached skill level 5 in Dodging
  4610 | D:4      | Reached XP level 7. HP: 37/41 MP: 7/11
  4806 | D:5      | Entered Level 5 of the Dungeon
  5298 | D:4      | Noticed Ijyb
  5311 | D:4      | Killed Ijyb
  5540 | D:5      | Found a shattered altar of Ashenzari.
  5550 | D:5      | Noticed a wyvern
  5559 | D:5      | Killed a wyvern
  5559 | D:5      | Reached XP level 8. HP: 38/48 MP: 1/12
  5572 | D:5      | Reached skill level 6 in Dodging
  6262 | D:5      | Found a sparkling altar of Nemelex Xobeh.
  6900 | D:6      | Reached skill level 7 in Dodging
  7195 | D:6      | Found a staircase to the Ecumenical Temple.
  7239 | D:6      | Reached XP level 9. HP: 34/53 MP: 10/13
  7355 | Temple   | Entered the Ecumenical Temple
  7523 | D:6      | Reached skill level 5 in Armour
  7588 | D:6      | Reached skill level 5 in Fighting
  8075 | D:7      | Noticed Duvessa
  8100 | D:7      | Killed Duvessa
  8264 | D:7      | Reached skill level 1 in Shields
  8435 | D:7      | Noticed Dowan
  8446 | D:7      | Killed Dowan
  8693 | D:7      | Found a glowing golden altar of the Shining One.
  8958 | D:7      | Found a blossoming altar of Fedhas.
  8983 | D:8      | Noticed a two-headed ogre
  8985 | D:8      | Found Xomufa's Magic Scroll Shop.
  8996 | D:8      | Killed a two-headed ogre
  8996 | D:8      | Reached skill level 5 in Maces & Flails
  9214 | D:8      | Found a sacrificial altar of Ru.
  9351 | D:8      | Found a blossoming altar of Fedhas.
  9380 | D:8      | Noticed a two-headed ogre
  9389 | D:8      | HP: 1/55 [two-headed ogre/giant club (25)]
  9390 | D:8      | Annihilated by a two-headed ogre

Skill      XL: |  1  2  3  4  5  6  7  8  9 |
---------------+----------------------------+-----
Fighting       | 1 2 3 4 5 |  5.9
Armour         | 1 2 3 4 5 |  5.1
Dodging        | 3 4 5 7 |  7.5
Maces & Flails | 1 2 3 4 5 |  5.2
Shields        | 2 |  2.9
Spellcasting   | 4 |  4.4
Bows           | |  2.1
Hexes          | |  4.0

Action                   |  1- 3 |  4- 6 |  7- 9 || total
-------------------------+-------+-------+-------++-------
Melee: Whip              |   139 |   190 |   410 ||   739
       Flail             |       |       |     7 ||     7
       Dagger            |       |       |     7 ||     7
Throw: Throwing net      |       |       |     1 ||     1
 Cast: Slow              |       |     1 |    17 ||    18
       Corona            |       |     1 |    12 ||    13
Invok: Call Merchant     |       |       |     1 ||     1
Evoke: Wand              |       |       |    15 ||    15
  Use: Scroll            |     5 |     9 |     8 ||    22
       Potion            |       |     1 |       ||     1
 Stab: Distracted        |       |       |     2 ||     2
       Held in net/web   |       |       |     2 ||     2
  Eat: Chunk             |     3 |     5 |       ||     8
       Bread ration      |       |     1 |     3 ||     4
       Fruit             |       |       |     3 ||     3
       Royal jelly       |       |       |     2 ||     2
Armor: Ring mail         |    61 |    40 |    82 ||   183
       Robe              |     1 |       |    14 ||    15
       Skin              |       |     8 |       ||     8
Dodge: Dodged            |    82 |    97 |   184 ||   363
Block: Other             |       |     6 |    22 ||    28
       Shield            |       |       |    66 ||    66
       Reflection        |       |       |     5 ||     5
